 Dungeon Crawl Stone Soup version 0.17.0-28-g6e173f8 (webtiles) character file.

170 PossumBlood the Insei (level 5, -1/37 HPs)
             Began as an Octopode Monk on Dec 3, 2015.
             Slain by a gnoll
             ... wielding a +0 flail
              (8 damage)
             ... on level 3 of the Dungeon.
             The game lasted 00:03:27 (2257 turns).

PossumBlood the Insei (Octopode Monk)               Turns: 2257, Time: 00:03:27

Health: -1/37      AC:  1    Str: 10    XL:     5   Next: 51%
Magic:  5/5        EV: 14    Int: 13    God:
Gold:   204        SH:  0    Dex: 15    Spells: 0 memorised, 4 levels left

rFire  . . .     SeeInvis .       - Unarmed
rCold  . . .     Clarity  .     (no shield)
rNeg   . . .     SustAt   .     (helmet restricted)
rPois  .         Gourm    .     (no amulet)
rElec  .         Spirit   .     (no ring)
rCorr  .         Warding  .     (no ring)
rMut   .         Stasis   .     (no ring)
MR     .....                    (no ring)
Stlth  ++++......               (no ring)
                                (no ring)
                                (no ring)
                                (no ring)

@: not resistant to hostile enchantments, stealthy
A: almost no armour, amphibious, 8 rings, constrict 8, camouflage 1, gelatinous
body 1
a: no special abilities


You were on level 3 of the Dungeon.
You were not hungry.

You visited 1 branch of the dungeon, and saw 3 of its levels.

You collected 204 gold pieces.

Inventory:

Wands
 m - a wand of draining (7)
Scrolls
 c - a scroll of enchant armour {unknown}
 h - a scroll of teleportation {unknown}
 i - 6 scrolls of identify {unknown}
 l - 3 scrolls of remove curse {unknown}
Potions
 d - 2 potions of might {unknown}
 e - a potion of brilliance {unknown}
 f - a potion of heal wounds {unknown}
 j - a potion of ambrosia {unknown}
 k - a potion of cure mutation {unknown}
 n - a potion of agility {unknown}
Comestibles
 a - 2 bread rations
 g - a meat ration


   Skills:
 + Level 3.8 Fighting
 + Level 4.0 Dodging
 + Level 4.1 Stealth
 + Level 5.0 Unarmed Combat


You had 4 spell levels left.
You didn't know any spells.

Dungeon Overview and Level Annotations

Branches:
Dungeon (3/15)

Altars:
Ashenzari


Innate Abilities, Weirdness & Mutations

You cannot wear most types of armour.
You are amphibious.
You can wear up to eight rings at the same time.
You can use your tentacles to constrict eight enemies at once.
Your skin changes colour to match your surroundings (Stealth).
Your rubbery body absorbs attacks (AC +1).


Message History

The gnoll is lightly wounded.
You constrict the gnoll, but do no damage.
The gnoll closely misses you.
You tentacle-slap the gnoll but do no damage.
The gnoll is lightly wounded.
You constrict the gnoll. The gnoll completely misses you. The gnoll misses you.
You tentacle-slap the gnoll.
The gnoll is heavily wounded.
You constrict the gnoll. The gnoll barely misses you.
The gnoll hits you with a flail!
* * * LOW HITPOINT WARNING * * *
You are too injured to fight recklessly!
You are too injured to fight recklessly!
You are too injured to fight recklessly!
You are too injured to fight recklessly!
You tentacle-slap the gnoll. x2
You kill the gnoll!
Your Unarmed Combat skill increases to level 5!
The gnoll hits you with a flail!
You die...

#####.................#
.....รท................#
######............#.#.#
######....#.........#
##......#####....##.###.
...###.## #.............
#### #.####.####.######
#>...>.# #.# ########
#@# #g)..# #........
#....#### #....# #.....
##...#. #.##.#


You could see a gnoll.

Vanquished Creatures
  Crazy Yiuf (D:2)
  An orc wizard (D:3)
  2 gnolls (D:3)
  3 adders
  2 worms
  6 giant geckos
  2 orcs (D:3)
  A ball python (D:2)
  8 goblins
  7 hobgoblins
  2 jackals (D:1)
  10 bats
  4 giant cockroaches
  2 giant newts
  2 kobolds (D:2)
  6 rats
59 creatures vanquished.

Notes
Turn   | Place    | Note
--------------------------------------------------------------
     0 | D:1      | PossumBlood the Octopode Monk began the quest for the Orb.
     0 | D:1      | Reached XP level 1. HP: 16/16 MP: 1/1
   262 | D:1      | Reached XP level 2. HP: 21/21 MP: 2/2
   666 | D:2      | Reached XP level 3. HP: 26/26 MP: 3/3
   669 | D:2      | Found a faded altar to an unknown god.
   785 | D:2      | Found a shattered altar of Ashenzari.
  1194 | D:2      | Noticed Crazy Yiuf
  1201 | D:2      | Killed Crazy Yiuf
  1201 | D:2      | Reached XP level 4. HP: 22/31 MP: 4/4
  1716 | D:3      | Reached XP level 5. HP: 27/36 MP: 5/5
  1887 | D:3      | HP: 1/37 [something (5)]
  2257 | D:3      | Reached skill level 5 in Unarmed Combat
  2257 | D:3      | Slain by a gnoll

Action                   |  1- 3 |  4- 6 || total
-------------------------+-------+-------++-------
Melee: Unarmed           |    73 |    53 ||   126
  Use: Potion            |       |     2 ||     2
 Stab: Sleeping          |    11 |     5 ||    16
  Eat: Bread ration      |       |     1 ||     1
